 Dungeon Crawl Stone Soup version 0.29.1-2-gbd0b4ee654 (webtiles) character file.

Game seed: 15569004774826186551

5856 BreadTh the Spear-Bearer (level 10, -1/90 HPs)
             Began as a Minotaur Berserker on Nov 22, 2022.
             Was a High Priest of Trog.
             Slain by a boulder beetle (22 damage)
             ... on level 8 of the Dungeon.
             The game lasted 00:32:17 (7792 turns).

BreadTh the Spear-Bearer (Minotaur Berserker)       Turns: 7792, Time: 00:32:18

Health: -1/90      AC: 12    Str: 23    XL:     10   Next: 52%
Magic:  9/9        EV: 14    Int:  6    God:    Trog [*****.]
Gold:   359        SH:  0    Dex: 11    Spells: 9/9 levels left

rFire   . . .      SeeInvis .   y - +8 trishula "Condemnation" {holy, anguish, *Noise Fly rN+}
rCold   . . .      Faith    .   (no shield)
rNeg    + . .      Spirit   .   K - +0 chain mail
rPois   +          Reflect  .   (helmet restricted)
rElec   .          Harm     .   j - +0 cloak
rCorr   .          Rampage  .   (no gloves)
Will    .....                   (no boots)
Stlth   ..........              (no amulet)
HPRegen 0.25/turn               p - ring of poison resistance
MPRegen 0.11/turn               d - +4 ring of evasion

@: flying, studying Long Blades
A: horns 2, retaliatory headbutt
a: Renounce Religion, Berserk, Trog's Hand, Brothers in Arms


You were on level 8 of the Dungeon.
You worshipped Trog.
Trog was extremely pleased with you.
You visited 1 branch of the dungeon, and saw 8 of its levels.

You collected 359 gold pieces.

Inventory:

Hand Weapons
 y - the +8 trishula "Condemnation" (weapon) {holy, anguish, *Noise Fly rN+}
   (You found it on level 3 of the Dungeon)

   It has been blessed by the Shining One to cause great damage to the undead
   and demons.
   It inflicts anguish, making its victims' attacks reflect back on them.
   rN:        It protects you from negative energy.
   Fly:       It grants you flight.
   *Noise:    It may make noises in combat.
 E - a +1 mace of protection
 L - a +4 dagger of venom
 N - the +8 bardiche "Duro" {vorpal, rElec Int-4 Dex+3}
   (Trog gifted it to you on level 8 of the Dungeon)

   It inflicts extra damage upon your enemies.
   Int:       It affects your intelligence (-4).
   Dex:       It affects your dexterity (+3).
   rElec:     It insulates you from electricity.
Missiles
 f - 4 boomerangs
 h - 6 javelins
 s - 3 throwing nets
 t - 8 poisoned darts (quivered)
 u - 39 stones
Armour
 j - a +0 cloak (worn)
 K - a +0 chain mail (worn)
Jewellery
 d - a +4 ring of evasion (right hand)
 i - a ring of positive energy
 p - a ring of poison resistance (left hand)
 C - an amulet of the acrobat
 J - a ring of protection from fire
 O - a +6 ring of dexterity
Wands
 r - a wand of roots (15)
 B - a wand of flame (18)
 F - a wand of digging (2)
 I - a wand of polymorph (8)
Scrolls
 a - 3 scrolls of teleportation {unknown}
 c - 7 scrolls of identify {unknown}
 e - 2 scrolls of brand weapon {unknown}
 g - a scroll of enchant weapon {unknown}
 k - 5 scrolls of vulnerability {unknown}
 n - a scroll of enchant armour {unknown}
 o - 3 scrolls of magic mapping {unknown}
 A - 2 scrolls of immolation {unknown}
 H - 2 scrolls of butterflies {unknown}
 M - a scroll of amnesia {unknown}
Potions
 b - 2 potions of lignification {unknown}
 l - 2 potions of invisibility
 m - 6 potions of curing {unknown}
 q - a potion of degeneration {unknown}
 v - a potion of berserk rage {unknown}
 w - 2 potions of attraction {unknown}
 x - 2 potions of flight {unknown}
 z - 2 potions of heal wounds {unknown}
 D - a potion of ambrosia {unknown}
 G - a potion of resistance {unknown}


   Skills:
 + Level 8.6 Fighting
 - Level 5.4 Long Blades
 - Level 3.6(7.5) Axes
 * Level 10.3(10.6) Polearms
 + Level 5.9 Throwing
 + Level 8.2 Armour
 + Level 7.5 Dodging


You had 9 spell levels left.
You didn't know any spells.
Your spell library was empty.

Dungeon Overview and Level Annotations

Branches:
Dungeon (8/15)             Temple (0/1) D:7
   Lair: D:8-11

Altars:
Kikubaaqudgha
Nemelex Xobeh
Qazlal
Vehumet
Zin

Shops:
D:3 [


Innate Abilities, Weirdness & Mutations

You have a pair of horns on your head.
You reflexively headbutt those who attack you in melee.


Message History

The centaur unwields a +0 shortbow.
The centaur closely misses you. x2
An orc comes into view.
It is wielding a +1 battleaxe of flaming.
You puncture the centaur!
You kill the centaur!
Trog accepts your kill.
The orc drinks a potion.
The orc flickers and vanishes!
Deactivating autopickup; reactivate with Ctrl-A.
A boulder beetle comes into view.
Unknown command.
Reach: y) +8 trishula "Condemnation" {holy, anguish, *Noise Fly rN+}
Press: ? - help, Dir - move target You reach to attack!
You closely miss something.
Reach: y) +8 trishula "Condemnation" {holy, anguish, *Noise Fly rN+}
Press: ? - help, Dir - move target, f - you
Okay, then.
Something hits you! Something burns you.
Things that are here:
a +0 shortbow; a +3 longbow; a centaur corpse You closely miss something.
Something hits you! Something burns you.
You completely miss something. You headbutt something! Trog accepts your kill.
Reactivating autopickup.
You feel a bit more experienced.
The boulder beetle curls into a ball and begins rolling!
A manticore comes into view.
The boulder beetle attacks as you move away!
The boulder beetle hits you!
* * * LOW HITPOINT WARNING * * *
The boulder beetle stops rolling and uncurls.
The boulder beetle attacks as you move away!
The boulder beetle barely misses you.
The boulder beetle curls into a ball and begins rolling!
The boulder beetle attacks as you move away!
The boulder beetle closely misses you. You furiously retaliate!
You headbutt the boulder beetle, but do no damage.
The boulder beetle stops rolling and uncurls.
You impale the boulder beetle!!
The boulder beetle is haunted by guilt!
The boulder beetle is moderately wounded.
The boulder beetle bites you!!
You die...

.. #.# #.# #.# ####### #.# #
.......###.#######.#.###########
..<....'.)................>.....
.......#.#.....@...# #.........#
.......#...###B###.....###.###..
.......#..##....°##...##..#####.
>........##.#####H## ##)### .##
........##. ##.###.### .#
........#.# ##)##.##.#####.
.......)#.# #)###.#.#..##.
#######.†## .°. #.##)##.## #.#.#
.#.#.##..#.#.##


You could see a boulder beetle (anguished).

Vanquished Creatures
  A centaur warrior (D:8)
  A shadow (D:7)
  A wyvern (D:8)
  A steam dragon (D:8)
  A water moccasin (D:6)
  Duvessa (D:6)
  3 orc warriors
  6 ice beasts
  A sky beast (D:7)
  2 black bears (D:6)
  3 ogres
  3 centaurs (D:8)
  3 phantoms (D:4)
  2 bullfrogs (D:8)
  A gnoll sergeant (D:8)
  7 scorpions
  Dowan (D:6)
  3 killer bees (D:8)
  2 howler monkeys (D:8)
  3 gnoll boudas
  3 jellies
  11 orc priests
  3 hounds
  Natasha (thrice) (D:2)
  An iguana (D:5)
  12 orc wizards
  13 gnolls
  6 adders
  3 ufetubi
  4 worms
  3 dart slugs
  45 orcs
  6 endoplasms
  3 giant cockroaches
  10 goblins
  6 hobgoblins
  4 jackals (D:1)
  A quokka (D:1)
  8 ball pythons
  5 bats
  5 frilled lizards
  7 kobolds
  7 rats
215 creatures vanquished.

Vanquished Creatures (others)
  A two-headed ogre (D:8)
  An orc wizard (D:7)
  2 gnolls (D:5)
  A hobgoblin (D:4)
  9 toadstools (D:3)
14 creatures vanquished.

Grand Total: 229 creatures vanquished

Notes
Turn   | Place    | Note
-------+----------+-------------------------------------------
     0 | D:1      | BreadTh the Minotaur Berserker began the quest for the Orb.
     0 | D:1      | Reached XP level 1. HP: 19/19 MP: 0/0
   142 | D:1      | Reached skill level 1 in Long Blades
   404 | D:1      | Reached XP level 2. HP: 21/27 MP: 1/1
   653 | D:1      | Found a faded altar of an unknown god.
   753 | D:1      | Reached XP level 3. HP: 33/33 MP: 2/2
   877 | D:1      | Reached ** piety under Trog
   998 | D:2      | Noticed Natasha
  1009 | D:2      | Killed Natasha
  1106 | D:2      | Noticed Natasha
  1119 | D:2      | Killed Natasha
  1120 | D:2      | Reached XP level 4. HP: 14/40 MP: 3/3
  1680 | D:2      | Noticed Natasha
  1687 | D:2      | Killed Natasha
  1688 | D:2      | Reached skill level 5 in Long Blades
  1978 | D:2      | Reached XP level 5. HP: 47/47 MP: 4/4
  2523 | D:3      | Found Bioquf's Armour Emporium.
  2534 | D:3      | Found the +8 trishula "Condemnation" {holy, anguish, *Noise
                  | Fly rN+}
  2663 | D:4      | Noticed an ogre
  2670 | D:4      | Noticed a phantom
  2673 | D:4      | Killed an ogre
  2674 | D:4      | Reached skill level 1 in Polearms
  2675 | D:4      | Killed a phantom
  2676 | D:4      | Reached skill level 2 in Polearms
  2676 | D:4      | Reached skill level 1 in Throwing
  2676 | D:4      | Reached XP level 6. HP: 51/55 MP: 5/5
  2912 | D:4      | Reached skill level 5 in Fighting
  2933 | D:4      | Reached skill level 3 in Polearms
  3056 | D:4      | Reached *** piety under Trog
  3057 | D:4      | Reached XP level 7. HP: 53/61 MP: 6/6
  3442 | D:4      | Found a radiant altar of Vehumet.
  3452 | D:4      | Reached skill level 4 in Polearms
  3551 | D:5      | Entered Level 5 of the Dungeon
  3933 | D:5      | Reached skill level 5 in Armour
  4028 | D:5      | Reached skill level 5 in Polearms
  4028 | D:5      | Reached XP level 8. HP: 70/70 MP: 7/7
  4148 | D:5      | Reached **** piety under Trog
  4381 | D:5      | Found a sparkling altar of Nemelex Xobeh.
  4444 | D:5      | Reached skill level 5 in Dodging
  4623 | D:5      | Reached skill level 6 in Polearms
  5220 | D:6      | Noticed Duvessa
  5220 | D:6      | Noticed Dowan
  5226 | D:6      | Killed Duvessa
  5227 | D:6      | Reached skill level 7 in Polearms
  5233 | D:6      | Killed Dowan
  5234 | D:6      | Reached XP level 9. HP: 77/78 MP: 8/8
  5542 | D:6      | Found a stormy altar of Qazlal.
  5630 | D:6      | Found an ancient bone altar of Kikubaaqudgha.
  5898 | D:7      | Reached skill level 8 in Polearms
  6198 | D:7      | Reached ***** piety under Trog
  6595 | D:7      | Found a staircase to the Ecumenical Temple.
  6803 | D:7      | Found a glowing silver altar of Zin.
  6887 | D:8      | Reached skill level 5 in Throwing
  6928 | D:8      | Reached skill level 9 in Polearms
  7001 | D:8      | Noticed a two-headed ogre
  7010 | D:8      | Killed a two-headed ogre
  7011 | D:8      | Reached XP level 10. HP: 35/88 MP: 9/9
  7362 | D:8      | Identified the +8 bardiche "Duro" {vorpal, rElec Int-4
                  | Dex+3} (Trog gifted it to you on level 8 of the Dungeon)
  7362 | D:8      | Received a gift from Trog
  7556 | D:8      | Reached skill level 10 in Polearms
  7770 | D:8      | Noticed a centaur warrior
  7777 | D:8      | Killed a centaur warrior
  7781 | D:8      | Noticed a boulder beetle
  7785 | D:8      | Noticed a manticore
  7792 | D:8      | Slain by a boulder beetle

Illustrated notes

Levels and vault maps discovered:
D:1:      dpeg_arrival_more_subterranean_lakeside_camping, layout_basic,
          shapermc_ecumenical_altar_venn
D:2:      layout_loops_ring, nicolae_wormholes, uniq_natasha
D:3:      cheibrodos_fertilizer, layout_rooms, serial_shops, shop, dk_vineyard_2
D:4:      layout_loops_cross, mainiacjoe_overflow_six_doors_small,
          reono_crystal_passage
D:5:      minmay_inner_zag, layout_loops_cross, nemelex_spade_bored_becter
D:6:      layout_loops_ring, lemuel_crystal_altar,
          mainiacjoe_overflow_boulevard, minmay_statues_item, uniq_duvessa
D:7:      layout_basic, zin_scriptorium, minmay_temple_entry_trees, st_stairs_6,
          minmay_misc_feat_room
D:8:      minmay_the_grid_octo_2x2 [minmay_the_grid_octo_fan_narrow,
          minmay_the_grid_octo_empty, minmay_the_grid_octo_checkered,
          minmay_the_grid_octo_prize_big_c], layout_basic

Skill      XL: |  1  2  3  4  5  6  7  8  9 10 |
---------------+-------------------------------+-----
Long Blades    | 1 2 4 5 |  5.4
Fighting       | 4 5 6 8 |  8.6
Armour         | 3 4 5 6 7 8 |  8.2
Dodging        | 3 4 5 7 |  7.5
Polearms       | 2 3 5 7 9 10 | 10.3
Throwing       | 1 2 4 5 |  5.9
Axes           | |  3.6

Action                   |  1- 3 |  4- 6 |  7- 9 | 10-12 || total
-------------------------+-------+-------+-------+-------++-------
Melee: Long sword        |    81 |    75 |       |       ||   156
       Headbutt          |     9 |    19 |    27 |     7 ||    62
       Trishula          |       |    32 |   246 |    62 ||   340
       Punch             |       |       |       |     1 ||     1
Throw: Throwing net      |       |     1 |       |       ||     1
       Dart              |       |       |     1 |       ||     1
Invok: Berserk           |     1 |     1 |     1 |       ||     3
 Stab: Sleeping          |       |     1 |       |       ||     1
       Distracted        |       |       |     1 |       ||     1
Armor: Leather armour    |    13 |    15 |    10 |       ||    38
       Animal skin       |     2 |       |       |       ||     2
       Scale mail        |       |       |     5 |       ||     5
       Chain mail        |       |       |    26 |    15 ||    41
Dodge: Dodged            |    57 |    62 |    81 |    20 ||   220
